 Dungeon Crawl Stone Soup version 0.20.1-1-g8b1a95d (webtiles) character file.

471 nightchill the Cudgeler (level 7, -3/40 HPs)
             Began as a Gargoyle Warper on Dec 27, 2017.
             Was an Initiate of Cheibriados.
             Slain by an ogre
             ... wielding a +0 giant club
              (14 damage)
             ... on level 5 of the Dungeon.
             The game lasted 00:13:11 (4801 turns).

nightchill the Cudgeler (Gargoyle Warper)           Turns: 4801, Time: 00:13:12

Health: -3/40      AC: 14    Str: 16    XL:     7   Next: 9%
Magic:  19/19      EV:  7    Int: 15    God:    Cheibriados [......]
Gold:   301        SH:  0    Dex: 11    Spells: 10/10 levels left

rFire    . . .     SeeInvis .   a - +1 mace
rCold    . . .     Gourm    .   (no shield)
rNeg     + . .     Faith    .   x - +0 chain mail
rPois    ∞         Spirit   .   (no helmet)
rElec    +         Reflect  .   (no cloak)
rCorr    .         Harm     .   (no gloves)
MR       .....                  m - +0 pair of boots
Stlth    ..........             (no amulet)
Regen    0.2/turn               q - ring of magical power
MPRegen  0.2/turn               (no ring)

@: very slow
A: negative energy resistance 1, electricity resistance, unbreathing,
petrification resistance, rot immunity, AC +4
a: Bend Time, Renounce Religion


You were on level 5 of the Dungeon.
You worshipped Cheibriados.
Cheibriados was noncommittal.
You were not hungry.

You visited 1 branch of the dungeon, and saw 5 of its levels.

You collected 301 gold pieces.

Inventory:

Hand Weapons
 a - a +1 mace (weapon)
Missiles
 g - 236 stones (quivered)
 k - 5 tomahawks
Armour
 b - a +0 leather armour
 j - a +0 buckler
 m - a +0 pair of boots (worn)
 x - a +0 chain mail (worn)
Jewellery
 q - a ring of magical power (left hand)
Scrolls
 d - a scroll of blinking
 i - 3 scrolls of remove curse
 l - 4 scrolls of identify
 v - a scroll of magic mapping {unknown}
 y - a scroll of acquirement {unknown}
Potions
 e - a potion of heal wounds {unknown}
 h - a potion of flight {unknown}
 p - a potion of mutation {unknown}
 s - a potion of might {unknown}
 t - a potion of agility
 u - 2 potions of haste
 w - 2 potions of curing {unknown}
Books
 c - a book of Spatial Translocations

   Spells                             Type                      Level
   a - Blink                          Translocation                2
   b - Shroud of Golubria             Charms/Translocation         2
   c - Lesser Beckoning               Translocation                3
   d - Gell's Gravitas                Translocation                3
   e - Teleport Other                 Translocation                3
   f - Passage of Golubria            Translocation                4
Comestibles
 f - 4 bread rations
 n - 2 royal jellies
 o - a meat ration
 r - 9 fruits
 z - 2 chunks of flesh


   Skills:
 + Level 2.1 Fighting
 + Level 7.4 Maces & Flails
 - Level 0.8 Throwing
 - Level 1.1 Armour
 - Level 1.5 Dodging
 + Level 0.2 Shields
 - Level 2.0 Spellcasting
   Level 2.6 Translocations
 + Level 0.2 Invocations


You had 10 spell levels left.
You didn't know any spells.

Dungeon Overview and Level Annotations

Branches:
Dungeon (5/15)
 Temple: D:4-7

Altars:
Cheibriados
Fedhas
Okawaru
Qazlal

Annotations:
D:2 exclusion: upstairs
D:3 Sigmund
D:4 exclusion: downstairs


Innate Abilities, Weirdness & Mutations

You are resistant to torment.
Your stone body is resilient. (AC +4)
You are immune to poison.
You resist negative energy. (rN+)
You are resistant to electric shocks. (rElec)
You can survive without breathing.
You are immune to petrification.
You are immune to rotting.


Message History

You see here a rapier.
You found a teleport trap!
You open the door.
An ogre comes into view. It is wielding a giant club.
The ogre shouts!
There is an open door here.
The ogre hits you with a giant club.
You thump the ogre!
The ogre is moderately wounded.
You barely miss the ogre.
The ogre is moderately wounded.
The ogre hits you with a giant club!
You hit the ogre.
The ogre is heavily wounded.
The ogre hits you with a giant club!
* * * LOW HITPOINT WARNING * * *
You barely miss the ogre.
The ogre is heavily wounded.
The ogre hits you with a giant club!
You die...

## .. ####.#
..######## #.^.
#........######.###.#
#......@.'..........#
#......O.######.#####
##.......# #.#
#.......# #.#
###....## #.# ######
#.######## #.........
#########. ##.


You could see an ogre.

Vanquished Creatures
  Menkaure (D:4)
  An ogre (D:4)
  A crimson imp (D:5)
  2 hounds
  A centaur skeleton (D:5)
  A worker ant (D:4)
  A howler monkey skeleton (D:4)
  3 adders
  A shadow imp (D:5)
  An ooze (D:2)
  2 adder zombies (D:5)
  3 worms
  An orc (D:3)
  3 giant cockroaches
  8 goblins
  2 hobgoblins (D:1)
  8 jackals
  A quokka (D:3)
  4 ball pythons
  9 bats
  3 frilled lizards
  5 kobolds
  5 rats
67 creatures vanquished.

Notes
Turn   | Place    | Note
-------+----------+-------------------------------------------
     0 | D:1      | nightchill the Gargoyle Warper began the quest for the Orb.
     0 | D:1      | Reached XP level 1. HP: 12/12 MP: 3/3
    49 | D:1      | Reached XP level 2. HP: 8/17 MP: 5/5
   582 | D:1      | Reached skill level 3 in Maces & Flails
   869 | D:2      | Found a stormy altar of Qazlal.
   894 | D:2      | Reached XP level 3. HP: 17/21 MP: 6/6
  2193 | D:3      | Found a blossoming altar of Fedhas.
  2212 | D:3      | Reached skill level 4 in Maces & Flails
  2523 | D:3      | Reached XP level 4. HP: 26/26 MP: 7/7
  2854 | D:3      | Noticed Sigmund
  2998 | D:4      | Reached skill level 5 in Maces & Flails
  2998 | D:4      | Reached XP level 5. HP: 20/30 MP: 8/8
  3223 | D:4      | Found an iron altar of Okawaru.
  3286 | D:4      | Noticed Menkaure
  3294 | D:4      | Killed Menkaure
  3294 | D:4      | Reached skill level 6 in Maces & Flails
  3294 | D:4      | Reached XP level 6. HP: 9/35 MP: 9/9
  4163 | D:5      | Entered Level 5 of the Dungeon
  4424 | D:5      | Reached skill level 7 in Maces & Flails
  4510 | D:5      | Reached XP level 7. HP: 40/40 MP: 10/10
  4550 | D:5      | Found a snail-covered altar of Cheibriados.
  4558 | D:5      | Became a worshipper of Cheibriados the Contemplative
  4801 | D:5      | Slain by an ogre

Skill      XL: |  1  2  3  4  5  6 |
---------------+-------------------+-----
Maces & Flails | 3 4 5 6 7 |  7.4
Fighting       | |  2.1
Throwing       | |  0.8
Armour         | |  1.1
Dodging        | |  1.5
Shields        | |  0.2
Spellcasting   | |  2.0
Translocations | |  2.6
Invocations    | |  0.2

Action                   |  1- 3 |  4- 6 |  7- 9 || total
-------------------------+-------+-------+-------++-------
Melee: Mace              |   171 |   147 |    21 ||   339
Throw: Tomahawk          |     3 |     2 |       ||     5
  Use: Scroll            |       |     7 |       ||     7
  Eat: Chunk             |     5 |     7 |     1 ||    13
Armor: Leather armour    |   127 |    51 |       ||   178
       Chain mail        |       |    33 |    10 ||    43
Dodge: Dodged            |   190 |    80 |    13 ||   283
